AoeStats
← Chaac1706

Arabia

503281360Analyzed
1v1 RM · 1mo ago on Aug 30, 2026· 25m 23s· 2 players
Game mode
Random Map
Map size
Tiny (2 player)
Population
200
Speed
Normal
Resources
Standard
Victory
Conquest
Starting age
Dark Age
Ending age
Imperial Age
RankedLock teamsTeams togetherTeam positionsShared explorationLock speedFull tech treeHidden civsTurbo modeCheats
Victory
Defeat
🇨🇴 Muisca · Colombia
1151
+17
🇦🇷 Malians · Argentina
1181
-17
Chaac1706
5:33 Loom
9:06 Feudal Age
9:33 Champi Runner
11:46 Horse Collar
11:51 Double-Bit Axe
17:11 Town Watch
18:33 Wheelbarrow
21:30 Castle Age
19:50 Fletching
20:32 Padded Archer Armor
21:17 Double-Bit Axe
21:24 Gold Mining
21:49 Crossbowman
22:40 Bodkin Arrow
23:21 Town Patrol
24:03 Thumb Ring
PNAL | Biry
10:37 Feudal Age
10:40 Loom
14:44 Castle Age
Connection lost

Rejoining the realm…

Still unreachable

The connection could not be restored.

Session expired

The server has moved on; the page needs a fresh start.